 Dungeon Crawl Stone Soup version 0.29.1-4-g47bece8355 (webtiles) character file.

Game seed: 4279572499458591052

2 Hercules1031 the Sneak (level 1, 0/9 HPs)
             Began as a Spriggan Enchanter on Dec 8, 2022.
             Slain by a ball python (1 damage)
             ... on level 1 of the Dungeon.
             The game lasted 00:00:47 (79 turns).

Hercules1031 the Sneak (Spriggan Enchanter)           Turns: 79, Time: 00:00:47

Health: 0/9        AC:  2    Str:  4    XL:     1   Next: 33%
Magic:  5/5        EV: 14    Int: 16    God:
Gold:   0          SH:  0    Dex: 15    Spells: 5/5 levels left

rFire   . . .      SeeInvis +   a - +1 dagger
rCold   . . .      Faith    .   (no shield)
rNeg    . . .      Spirit   .   b - +0 robe
rPois   .          Reflect  .   (helmet restricted)
rElec   .          Harm     .   (no cloak)
rCorr   .          Rampage  .   (gloves unavailable)
Will    .....                   (boots unavailable)
Stlth   +++.......              (no amulet)
HPRegen 0.03/turn               (no ring)
MPRegen 0.09/turn               (no ring)

@: constricted, invisible, very quick
A: very small, no large weapons, unfitting armour, see invisible, speed 3
a: no special abilities


You were on level 1 of the Dungeon.
You visited 1 branch of the dungeon, and saw 1 of its levels.

Inventory:

Hand Weapons
 a - a +1 dagger (weapon)
Armour
 b - a +0 robe (worn)
Potions
 c - a potion of invisibility


   Skills:
 + Level 1.2 Short Blades
 + Level 2.7 Dodging
 * Level 4.5 Stealth
 + Level 2.7 Spellcasting
 + Level 3.6 Hexes


You had 5 spell levels left.
You didn't know any spells.
Your spell library contained the following spells:

 Spells                   Type           Power      Damage    Failure   Level
 Confusing Touch          Hex            13%        N/A       13%         3
 Tukima's Dance           Hex            13%        N/A       13%         3
 Ensorcelled Hibernation  Hex/Ice        16%        N/A       14%         2
 Dazzling Flash           Conj/Hex       16%        N/A       26%         3


Dungeon Overview and Level Annotations

Branches:
Dungeon (1/15)

Altars:


Innate Abilities, Weirdness & Mutations

You are very small and have problems with some larger weapons.
You are too small for most types of armour.
You have supernaturally acute eyesight. (SInv)
You cover ground extremely quickly. (Speed+++)


Message History

You open the door.
There is an open door here.
Found a stone staircase leading down.
There is a stone staircase leading down here.
A kobold comes into view. It is wielding a +0 whip.
A kobold is nearby!
A kobold comes into view. It is wielding a +0 dagger.
Found a ring mail.
The helpless kobold fails to defend itself.
You puncture the kobold!
You kill the kobold!
The kobold shouts!
You hear an angry hiss.
A ball python comes into view.
The kobold completely misses you.
You closely miss the kobold.
A ball python comes into view.
The kobold completely misses you.
You completely miss the kobold. The kobold hits you with a +0 dagger.
You hit the kobold.
The kobold is severely wounded.
The ball python bites you. The ball python barely misses you.
The kobold closely misses you.
You hit the kobold but do no damage.
The kobold is severely wounded.
The ball python barely misses you. The ball python grabs you.
The ball python constricts you. The kobold misses you.
You hit the kobold.
You kill the kobold!
The ball python misses you. The ball python constricts you.
You completely miss the ball python. The ball python closely misses you.
The ball python constricts you. The ball python bites you.
* * * LOW HITPOINT WARNING * * *
The ball python constricts you.
You fade into invisibility!
The ball python completely misses you.
The ball python bites you but does no damage.
The ball python constricts you.
* * * LOW HITPOINT WARNING * * *
You closely miss the ball python. The ball python bites you.
You die...

######### #.
###........ #.
##...#######
#..
##..###.....#
.##..
##..##..##'##.
...... ###..##
#...##
......###...##
#...#
......S...###
##'##
......)@....#
#...#
......S)....#
#####...##
.......[....#
#≈≈.#...#.
............#
#≈§.#...#.
......#.#####
#≈..#...#.
.........
#≈..'.<.'.
#..#....#
#≈.§#...#.
#..#....#
#≈≈§#...#.
#§§.#...#.


You could see 2 ball pythons.

Vanquished Creatures
  2 kobolds (D:1)
2 creatures vanquished.

Notes
Turn   | Place    | Note
-------+----------+-------------------------------------------
     0 | D:1      | Hercules1031 the Spriggan Enchanter began the quest for the
                  | Orb.
     0 | D:1      | Reached XP level 1. HP: 9/9 MP: 5/5
    79 | D:1      | Slain by a ball python

Illustrated notes

Levels and vault maps discovered:
D:1:      dpeg_arrival_yet_another_circle, layout_basic,
          chequers_ecumenical_altar_simple, skrybe_limestone_x

Action                   || total
-------------------------++-------
Melee: Dagger            ||     8
  Use: Potion            ||     1
 Stab: Sleeping          ||     1
Armor: Robe              ||     1
Dodge: Dodged            ||     9
